 Dungeon Crawl Stone Soup version 0.17.1-3-g152610e (webtiles) character file.

55 Gargoyl the Skirmisher (level 3, 0/29 HPs)
             Began as a Demonspawn Abyssal Knight on Mar 15, 2016.
             Was a Follower of Lugonu.
             Succumbed to an adder's poison
             ... on level 2 of the Dungeon.
             The game lasted 00:02:47 (1424 turns).

Gargoyl the Skirmisher (Demonspawn Abyssal Knight)  Turns: 1424, Time: 00:02:47

Health: 0/29       AC:  7    Str: 13    XL:     3   Next: 67%
Magic:  5/5        EV:  9    Int: 13    God:    Lugonu [*.....]
Gold:   84         SH:  0    Dex: 14    Spells: 0 memorised, 2 levels left

rFire  . . .     SeeInvis .     a - +1 hand axe
rCold  + + .     Clarity  .     l - +0 scale mail (curse)
rNeg   . . .     SustAt   .     (no shield)
rPois  .         Gourm    .     q - +0 helmet
rElec  .         Spirit   .     (no cloak)
rCorr  .         Warding  .     (no gloves)
rMut   .         Stasis   .     (no boots)
MR     .....                    (no amulet)
Stlth  ..........               p - ring of protection from cold
                                o - ring of protection from cold

@: lethally poisoned (0 -> -7), very slightly contaminated, hasted, very quick,
not resistant to hostile enchantments, extremely unstealthy
A: hooves 1, thin skeletal structure 1
a: Depart the Abyss, Renounce Religion


You were on level 2 of the Dungeon.
You worshipped Lugonu.
Lugonu was aware of your devotion.
You were hungry.

You visited 1 branch of the dungeon, and saw 2 of its levels.
You visited the Abyss 1 time.

You collected 84 gold pieces.

Inventory:

Hand Weapons
 a - a +1 hand axe (weapon)
Armour
 l - a cursed +0 scale mail (worn)
 q - a +0 helmet (worn)
Jewellery
 o - a ring of protection from cold (left hand)
 p - a ring of protection from cold (right hand)
Scrolls
 d - a scroll of recharging {unknown}
 e - 2 scrolls of identify {unknown}
 f - 2 scrolls of remove curse {unknown}
 h - a scroll of random uselessness {unknown}
 i - a scroll of teleportation {unknown}
 j - a scroll of immolation {unknown}
 m - a scroll of amnesia {unknown}
Comestibles
 b - a beef jerky
 c - a bread ration
 k - a meat ration
 n - 3 fruits


   Skills:
 + Level 3.6 Fighting
 + Level 2.2 Axes
 + Level 2.3 Armour
 + Level 1.3 Dodging
 + Level 2.8 Invocations


You had 2 spell levels left.
You didn't know any spells.

Dungeon Overview and Level Annotations

Branches:
Dungeon (2/15)

Altars:


Innate Abilities, Weirdness & Mutations

You have large cloven feet.
You have a somewhat thin skeletal structure (Dex +2, Stealth).


Message History

The adder is severely wounded.
The adder barely misses you. x2
Drink which item? (? for menu, Esc to quit)
It was a potion of haste.
You feel yourself speed up.
* * * LOW HITPOINT WARNING * * *
You feel sick. The adder bites you.
* * * LOW HITPOINT WARNING * * *
You are more poisoned.
The adder poisons you!
You are very lightly contaminated with residual magic.
You hit the adder.
You kill the adder!
Lugonu accepts your kill.
* * * LOW HITPOINT WARNING * * *
You feel sick.
* * * LOW HITPOINT WARNING * * *
You feel sick.
* * * LOW HITPOINT WARNING * * *
You feel sick.
You die...

#.. ...# #.####.###
#.##.....# #.##.....#
.
########........##.#
#...†.?...........#
#.#.####.##.....#..#
##)...###.####)### #.
#...@......# #.###.##
#.....###..###.......
#..#.## #..........##
#..#.# #..#########
....#.####..#
####.........#
#...####..# #...#
#>.# .<....##..#


There were no monsters in sight!

Vanquished Creatures
  2 adders
  2 oozes (D:1)
  A giant gecko (D:1)
  3 bats (D:1)
  A giant cockroach (D:1)
  3 goblins
  4 hobgoblins
  A ball python (D:1)
  2 giant newts (D:1)
  9 kobolds
  3 rats
31 creatures vanquished.

Notes
Turn   | Place    | Note
--------------------------------------------------------------
     0 | Abyss:1  | Gargoyl the Demonspawn Abyssal Knight began the quest for the Orb.
     0 | Abyss:1  | Reached XP level 1. HP: 18/18 MP: 2/2
    90 | Abyss:1  | Noticed a ynoxinul
   109 | Abyss:1  | Noticed a harpy zombie
   112 | D:1      | Escaped the Abyss
   243 | D:1      | Reached * piety under Lugonu
   478 | D:1      | Gained mutation: You have a somewhat thin skeletal structure (Dex +2, Stealth). [demonic ancestry]
   478 | D:1      | Reached XP level 2. HP: 18/24 MP: 4/4
   626 | D:1      | Reached skill level 1 in Dodging
   924 | D:1      | Gained mutation: You have large cloven feet. [demonic ancestry]
   924 | D:1      | Reached XP level 3. HP: 29/29 MP: 5/5
  1421 | D:2      | HP: 1/29 [poisoned by an adder]
  1424 | D:2      | Succumbed to an adder's poison

Action                   || total
-------------------------++-------
Melee: Hand axe          ||   101
Invok: Depart the Abyss  ||     1
  Use: Potion            ||     1
  Eat: Chunk             ||     1
